 Dungeon Crawl Stone Soup version 0.24.0-7-gb3623d2c88 (webtiles) character file.

Game seed: 1723006680542163688, levelgen mode: deterministic

44160 Arum the Fighter (level 14, -5/120 HPs)
             Began as a Formicid Fighter on Nov 2, 2019.
             Was the Champion of Cheibriados.
             Slain by a catoblepas (10 damage)
             ... while petrified by you
             ... on level 14 of the Dungeon.
             The game lasted 00:34:08 (14890 turns).

Arum the Fighter (Formicid Fighter)                Turns: 14890, Time: 00:34:09

Health: -5/120     AC: 16    Str: 39    XL:     14   Next: 64%
Magic:  18/21      EV:  2    Int: 25    God:    Cheibriados [******]
Gold:   1178       SH:  0    Dex: 25    Spells: 13/13 levels left

rFire    + . .     SeeInvis +   p - +11 club
rCold    . . .     Gourm    .   c - +1 shield
rNeg     + + +     Faith    .   D - +3 chain mail
rPois    ∞         Spirit   .   (helmet unavailable)
rElec    .         Reflect  +   K - +0 cloak {+Inv}
rCorr    .         Harm     .   (no gloves)
MR       +....                  (no boots)
Stlth    ..........             y - brooch of Shielding {Reflect SH+8}
HPRegen  0.30/turn              O - ring of protection from fire
MPRegen  0.17/turn              l - +2 ring of evasion

@: petrified, very slow
A: permanent stasis, dig shafts and tunnels, four strong arms, antennae 3,
blurry vision 1
a: Dig, Shaft Self, Bend Time, Temporal Distortion, Slouch, Step From Time,
Renounce Religion, Evoke Invisibility


You were on level 14 of the Dungeon.
You worshipped Cheibriados.
Cheibriados was exalted by your worship.
You were not hungry.

You visited 1 branch of the dungeon, and saw 15 of its levels.

You collected 1178 gold pieces.

Inventory:

Hand Weapons
 a - a +1 quarterstaff
 p - a +11 club (weapon)
 C - the cursed +3 trident of Tamubomm {flame, rElec rN++ MR+ Str-4}
   (You took it off an orc warrior on level 6 of the Dungeon)

   It has been specially enchanted to burn those struck by it, causing extra
   injury to most foes and up to half again as much damage against particularly
   susceptible opponents.
   It affects your strength (-4).
   It insulates you from electricity.
   It greatly protects you from negative energy.
   It affects your resistance to hostile enchantments.
   It has a curse placed upon it.
Missiles
 M - 2 throwing nets
 S - 11 javelins (quivered)
Armour
 c - a +1 shield (worn)
 D - a +3 chain mail (worn)
 K - a +0 cloak of invisibility (worn)
 Y - a +2 scale mail of cold resistance
Jewellery
 l - a +2 ring of evasion (right hand)
 o - an uncursed ring of resist corrosion
 y - the brooch of Shielding (around neck) {Reflect SH+8}
   (You found it on level 5 of the Dungeon)

   [amulet of reflection]

   It shields you and reflects attacks.
   It affects your SH (+8).
 N - an uncursed amulet of the gourmand {unknown}
 O - a ring of protection from fire (left hand)
Wands
 s - a wand of paralysis (18)
 u - a wand of clouds (5)
 w - a wand of polymorph (8)
 A - a wand of digging (4)
 B - a wand of enslavement (9)
 P - a wand of acid (8)
 X - a wand of flame (24)
Scrolls
 h - 4 scrolls of immolation
 k - 2 scrolls of enchant weapon
 m - 10 scrolls of remove curse
 r - 4 scrolls of identify
 x - 3 scrolls of fog {unknown}
 z - 2 scrolls of enchant armour
 F - 6 scrolls of magic mapping
 H - 3 scrolls of amnesia
Potions
 b - a potion of ambrosia {unknown}
 d - 2 potions of might
 e - 2 potions of brilliance {unknown}
 g - 2 potions of agility
 i - 2 potions of lignification {unknown}
 j - 5 potions of flight
 n - 6 potions of curing
 q - 3 potions of invisibility {unknown}
 v - a potion of resistance {unknown}
 G - 2 potions of berserk rage {unknown}
 Q - 2 potions of cancellation
 T - 3 potions of magic {unknown}
 U - 3 potions of mutation
Miscellaneous
 W - a fan of gales
Comestibles
 f - 40 rations


   Skills:
 + Level 14.1 Fighting
 + Level 12.0(12.4) Maces & Flails
 - Level 4.7(9.2) Staves
 + Level 11.5 Armour
 + Level 4.9 Dodging
 - Level 10.5 Shields
 - Level 10.0 Invocations


You had 13 spell levels left.
You didn't know any spells.
Your spell library contained the following spells:

 Spells                   Type           Power        Failure   Level  Hunger
 Corona                   Hex            #......      36%         1    ##.....
 Magic Dart               Conj           #...         36%         1    ##.....
 Summon Small Mammal      Summ           #...         36%         1    ##.....
 Call Imp                 Summ           #.......     50%         2    ###....
 Poisonous Vapours        Pois/Air       #.....       50%         2    ###....
 Slow                     Hex            #.......     50%         2    ###....
 Call Canine Familiar     Summ           #.......     75%         3    ####...
 Conjure Flame            Conj/Fire      #.......     75%         3    ####...
 Inner Flame              Hex/Fire       #.......     75%         3    ####...
 Mephitic Cloud           Conj/Pois/Air  #.......     75%         3    ####...
 Portal Projectile        Hex/Tloc       #.....       75%         3    ####...
 Summon Guardian Golem    Hex/Summ       #.......     75%         3    ####...
 Cause Fear               Hex            #.........   98%         4    #####..
 Leda's Liquefaction      Hex/Erth       #.........   98%         4    #####..
 Summon Ice Beast         Ice/Summ       #.......     98%         4    #####..
 Summon Lightning Spire   Summ/Air       #.......     98%         4    #####..
 Irradiate                Conj/Tmut      #.........   100%        5    ######.
 Freezing Cloud           Conj/Ice/Air   #.........   100%        6    #######
 Hydra Form               Tmut           #.........   100%        6    #######
 Statue Form              Tmut/Erth      #........    100%        6    #######
 Dragon Form              Tmut           #.........   100%        7    #######
 Ring of Flames           Chrm/Fire      #.........   100%        7    #######
 Blink                    Tloc           Unusable     N/A         2    N/A

Dungeon Overview and Level Annotations

Branches:
Dungeon (15/15)            Temple (0/1) D:5            Lair (0/6) D:8
    Orc (0/2) D:10         Vaults (0/5) D:13
 Depths: D:15

Altars:
Ashenzari
Cheibriados
Dithmenos
Fedhas
Gozag
Kikubaaqudgha
Ru
Wu Jian
Xom
Yredelemnul
Zin
The Shining One
Beogh

Shops:
D:7 (


Innate Abilities, Weirdness & Mutations

You cannot be hasted, slowed, berserked, paralysed or teleported.
You can dig through walls and to a lower floor.
Your four strong arms can wield two-handed weapons with a shield.
You have a pair of large antennae on your head. (SInv)
Scrolls take you a little longer to read.


Message History

You are engulfed in calcifying dust.
The catoblepas gores you but does no damage.
You have turned to stone.
You are engulfed in calcifying dust.
The catoblepas gores you!!
You are engulfed in calcifying dust.
The catoblepas gores you but does no damage.
The catoblepas gores you! The catoblepas gores you!! The catoblepas gores you!
* * * LOW HITPOINT WARNING * * *
The catoblepas gores you!
* * * LOW HITPOINT WARNING * * *
The catoblepas gores you!
* * * LOW HITPOINT WARNING * * *
The catoblepas gores you!
* * * LOW HITPOINT WARNING * * *
The catoblepas gores you!!
* * * LOW HITPOINT WARNING * * *
The catoblepas gores you!!
You die...

## .## ..## .^.######## ###
......#...## ##@#
...........## #Y######
............# ##{u{..#
............# #{{...#
............####...u.########
............).......u......§Y
..#.......#.).........u...u..
........###.####.....########
.........#..####.....# {


You could see a catoblepas.

Vanquished Creatures
  Rupert (D:13)
  A tengu reaver (D:13)
  The ghost of DadFather the Archer, a journeyman CeHu of Okawaru (D:11)
  Harold (D:7)
  Erica (D:8)
  Erolcha (D:10)
  2 hydras
  3 centaur warriors
  Urug (D:13)
  Sonja (D:12)
  A fire crab (shapeshifter) (D:15)
  The ghost of grouchysmurf the Covert, a novice KoHu of Trog (D:8)
  An unseen horror (D:11)
  An unseen horror (shapeshifter) (D:11)
  A glowing orange brain (D:11)
  A phantasmal warrior (D:13)
  An orc knight (D:13)
  A manticore (D:13)
  7 ugly things
  The ghost of OleJ the Sneak, a novice OpMo of Cheibriados (D:6)
  A cyclops (D:12)
  3 deep elf magi (D:14)
  2 gargoyles
  2 kobold demonologists (D:11)
  A spiny frog (shapeshifter) (D:11)
  A rime drake (shapeshifter) (D:11)
  2 yaktaurs (shapeshifter)
  A komodo dragon (D:8)
  3 trolls
  A queen bee (D:13)
  3 meliai (D:13)
  A meliai (shapeshifter) (D:11)
  3 slime creatures (D:14)
  3 hornets
  Prince Ribbit (D:7)
  4 hippogriffs
  20 yaks
  A shadow (D:14)
  3 wyverns
  Grum (D:8)
  2 neqoxecs (D:11)
  16 humans
  2 basilisks
  2 hungry ghosts
  7 vampire mosquitoes (D:14)
  An acid dragon (D:15)
  A soldier ant (D:12)
  13 orc warriors
  4 sky beasts
  3 phantoms
  2 black bears
  5 ice beasts
  The ghost of bl3nd3r the Chopper, an amateur MiBe of Trog (D:4)
  A necrophage (D:8)
  7 ogres
  4 wolves (D:8)
  3 centaurs
  A crocodile (D:10)
  9 big kobolds
  6 gnoll sergeants (D:10)
  7 bullfrogs
  A water moccasin zombie (D:8)
  A wyvern zombie (D:14)
  A wyvern skeleton (D:12)
  46 killer bees
  4 scorpions
  3 wights (D:10)
  2 bullfrog zombies
  7 crimson imps
  A quasit (D:11)
  6 hounds
  7 jellies
  Crazy Yiuf (D:7)
  3 bullfrog skeletons
  11 orc priests
  16 orc wizards
  3 centaur skeletons
  Jessica (D:2)
  5 iguanas
  6 worker ants
  A hound skeleton (D:5)
  A howler monkey zombie (D:10)
  A howler monkey skeleton (D:6)
  A worker ant zombie (D:5)
  7 gnolls (D:10)
  11 adders
  2 shadow imps
  An adder zombie (D:7)
  An adder skeleton (D:10)
  3 dart slugs
  5 leopard geckos
  66 orcs
  A ball python (D:2)
  7 bats
  2 giant cockroaches
  8 hobgoblins
  10 jackals
  30 kobolds
  6 quokkas
  6 frilled lizards
  7 goblins
  9 rats
494 creatures vanquished.

Vanquished Creatures (others)
  Joseph (D:9)
  Duvessa (D:7)
  An orc warrior (D:9)
  Dowan (D:7)
  A hound (D:7)
  An orc (D:6)
  A fungus (D:4)
  A plant (D:8)
8 creatures vanquished.

Grand Total: 502 creatures vanquished

Notes
Turn   | Place    | Note
-------+----------+-------------------------------------------
     0 | D:1      | Arum the Formicid Fighter began the quest for the Orb.
     0 | D:1      | Reached XP level 1. HP: 18/18 MP: 1/1
   202 | D:1      | Reached XP level 2. HP: 24/24 MP: 2/2
  1108 | D:2      | Reached XP level 3. HP: 29/30 MP: 3/3
  1478 | D:2      | Reached skill level 4 in Fighting
  1478 | D:2      | Reached XP level 4. HP: 37/37 MP: 4/4
  1677 | D:2      | Noticed Jessica
  1682 | D:2      | Killed Jessica
  1875 | D:3      | Found a snail-covered altar of Cheibriados.
  1882 | D:3      | Became a worshipper of Cheibriados the Contemplative
  2234 | D:3      | Reached XP level 5. HP: 42/42 MP: 5/5
  2604 | D:4      | Reached skill level 5 in Shields
  2621 | D:4      | Reached XP level 6. HP: 43/49 MP: 6/6
  2626 | D:4      | Reached * piety under Cheibriados
  2745 | D:4      | Reached skill level 5 in Fighting
  2912 | D:4      | Found a shimmering altar of Xom.
  2913 | D:4      | Found a shimmering altar of Xom.
  2919 | D:4      | Found a shimmering altar of Xom.
  3017 | D:4      | Found a runed translucent gate.
  3018 | D:4      | Found a runed translucent gate.
  3018 | D:4      | Found a runed translucent gate.
  3018 | D:4      | Noticed bl3nd3r's ghost (amateur MiBe)
  3048 | D:4      | Killed bl3nd3r's ghost
  3048 | D:4      | Reached XP level 7. HP: 50/56 MP: 7/7
  3302 | D:5      | Entered Level 5 of the Dungeon
  3302 | D:5      | Found the brooch of Shielding {Reflect SH+8}
  3411 | D:5      | Found a glowing silver altar of Zin.
  3570 | D:5      | Found a staircase to the Ecumenical Temple.
  3638 | D:5      | Found a glowing golden altar of the Shining One.
  3830 | D:5      | Reached ** piety under Cheibriados
  3830 | D:5      | Reached skill level 6 in Fighting
  3830 | D:5      | Reached skill level 1 in Maces & Flails
  3993 | D:5      | Reached XP level 8. HP: 61/64 MP: 8/8
  3996 | D:5      | Found an ancient bone altar of Kikubaaqudgha.
  4046 | D:5      | Found a sacrificial altar of Ru.
  4299 | D:6      | Found a runed translucent gate.
  4299 | D:6      | Found a runed translucent gate.
  4299 | D:6      | Identified the cursed +3 trident of Tamubomm {flame, rElec
                  | rN++ MR+ Str-4}
  4299 | D:6      | Noticed OleJ's ghost (novice OpMo)
  4300 | D:6      | Found a runed translucent gate.
  4300 | D:6      | Found a roughly hewn altar of Beogh.
  4363 | D:6      | Killed OleJ's ghost
  4363 | D:6      | Reached skill level 7 in Fighting
  4363 | D:6      | Reached XP level 9. HP: 55/72 MP: 9/9
  4704 | D:6      | Reached *** piety under Cheibriados
  4725 | D:6      | Reached skill level 8 in Fighting
  5251 | D:6      | Found a shadowy altar of Dithmenos.
  5329 | D:7      | Noticed Prince Ribbit
  5341 | D:7      | Noticed a hippogriff
  5348 | D:7      | Killed a hippogriff
  5348 | D:7      | Reached skill level 5 in Maces & Flails
  5400 | D:7      | Killed Duvessa
  5522 | D:7      | Killed Dowan
  5536 | D:7      | Killed Prince Ribbit
  5536 | D:7      | Reached XP level 10. HP: 51/82 MP: 10/10
  5541 | D:7      | Reached **** piety under Cheibriados
  5683 | D:7      | Reached skill level 9 in Fighting
  5746 | D:7      | Found Caotaz's Weapon Emporium.
  5807 | D:7      | Found a runed translucent door.
  5808 | D:7      | Noticed Crazy Yiuf
  5813 | D:7      | Killed Crazy Yiuf
  5958 | D:7      | Noticed Harold
  5973 | D:7      | Killed Harold
  5973 | D:7      | Reached skill level 10 in Shields
  6245 | D:8      | Noticed Grum
  6267 | D:8      | Killed Grum
  6267 | D:8      | Reached skill level 1 in Invocations
  6317 | D:8      | Noticed a komodo dragon
  6330 | D:8      | Killed a komodo dragon
  6330 | D:8      | Reached skill level 10 in Fighting
  6480 | D:8      | Found a staircase to the Lair.
  6519 | D:8      | Noticed Erica
  6547 | D:8      | Killed Erica
  6566 | D:8      | Reached ***** piety under Cheibriados
  6566 | D:8      | Reached XP level 11. HP: 46/91 MP: 13/13
  6805 | D:8      | Reached skill level 5 in Armour
  6917 | D:8      | Found a shimmering altar of Xom.
  7021 | D:8      | Found a runed translucent gate.
  7023 | D:8      | Found a runed translucent gate.
  7023 | D:8      | Found an opulent altar of Gozag.
  7024 | D:8      | Noticed an unseen horror
  7025 | D:8      | Found a runed translucent gate.
  7025 | D:8      | Noticed grouchysmurf's ghost (novice KoHu)
  7033 | D:8      | an unseen horror changed into a guardian serpent
  7050 | D:8      | Killed grouchysmurf's ghost
  7254 | D:8      | Reached skill level 5 in Invocations
  7302 | D:8      | Found a blossoming altar of Fedhas.
  7645 | D:9      | Noticed Joseph
  7665 | D:9      | Killed Joseph
  7855 | D:9      | Found a runed translucent door.
  7858 | D:9      | Found a basalt altar of Yredelemnul.
  8149 | D:9      | Reached skill level 11 in Fighting
  8233 | D:9      | Found a shattered altar of Ashenzari.
  8237 | D:9      | Found an ornate altar of the Wu Jian Council.
  8291 | D:10     | Entered Level 10 of the Dungeon
  8510 | D:10     | Found a staircase to the Orcish Mines.
  8553 | D:10     | Reached ****** piety under Cheibriados
  8868 | D:10     | Noticed Erolcha
  8894 | D:10     | Killed Erolcha
  8894 | D:10     | Reached XP level 12. HP: 100/100 MP: 15/17
  9299 | D:11     | Noticed a four-headed hydra
  9308 | D:11     | Killed a four-headed hydra
  9776 | D:11     | Noticed a soul eater
 10123 | D:11     | Reached skill level 12 in Fighting
 10191 | D:11     | Noticed an unseen horror
 10206 | D:11     | Killed an unseen horror
 10652 | D:11     | Found a runed translucent gate.
 10652 | D:11     | Found a runed translucent gate.
 10654 | D:11     | Noticed a glowing orange brain
 10655 | D:11     | Found a runed translucent gate.
 10676 | D:11     | Reached skill level 10 in Maces & Flails
 10722 | D:11     | Killed a glowing orange brain
 10722 | D:11     | Reached XP level 13. HP: 106/109 MP: 19/19
 10736 | D:11     | Found a runed translucent gate.
 10736 | D:11     | Found a runed translucent gate.
 10739 | D:11     | Found a runed translucent gate.
 10739 | D:11     | Noticed DadFather's ghost (journeyman CeHu)
 10784 | D:11     | Killed DadFather's ghost
 10864 | D:12     | Gained mutation: Scrolls take you a little longer to read.
                  | [mutagenic glow]
 11405 | D:12     | Noticed Sonja
 11424 | D:12     | Reached skill level 10 in Invocations
 11432 | D:12     | Killed Sonja
 11432 | D:12     | Reached skill level 13 in Fighting
 11481 | D:12     | Got a smoking bronze amulet
 11486 | D:12     | Identified the amulet of Hozot {Faith *Corrode rC+ Int+4}
                  | (You found it on level 12 of the Dungeon)
 11748 | D:13     | Found a gate to the Vaults.
 11748 | D:13     | Noticed a centaur warrior
 11748 | D:13     | Noticed Rupert
 11748 | D:13     | Noticed a four-headed hydra
 11748 | D:13     | Noticed Urug
 11911 | D:13     | Reached skill level 10 in Armour
 11911 | D:13     | Reached skill level 1 in Dodging
 12097 | D:13     | Killed Urug
 12113 | D:13     | Killed a four-headed hydra
 12276 | D:13     | Noticed a tengu reaver
 12300 | D:13     | HP: 5/111 [tengu reaver/bolt of magma (14)]
 12301 | D:13     | Killed a tengu reaver
 12716 | D:13     | Reached XP level 14. HP: 118/118 MP: 21/21
 13337 | D:13     | Killed Rupert
 14219 | D:14     | You fall into a shaft and drop 1 floor!
 14219 | D:15     | Entered Level 15 of the Dungeon
 14241 | D:15     | Reached skill level 14 in Fighting
 14889 | D:14     | HP: 5/120 [catoblepas (13)]
 14890 | D:14     | Slain by a catoblepas

Levels and vault maps discovered:
D:1:      tarquinn_simple_flora_water_d, layout_basic, serial_corexii_hall,
          chequers_hall_statues_y, corexii_hall_statues_u
D:2:      layout_loops_ring, first_ration, uniq_jessica
D:3:      layout_loops_corners, cheibriados_altar_1
D:4:      layout_loops_ring, gammafunk_ghost_nasty_kobolds, xom_redecorated
D:5:      layout_loops_ring, lemuel_coloured_pillars_altar, lemuel_doored_altar,
          minmay_temple_entry_antechambers, basic_altar,
          minmay_misc_feat_nine_boxes, nicolae_ru_great_annihilating_truth
D:6:      layout_loops_corners, kennysheep_mini_moat, biasface_ghost_orc_armoury
D:7:      layout_gridville, serial_shops, nicolae_shop_crystal,
          lemuel_old_faithful, uniq_duvessa, uniq_harold, uniq_prince_ribbit1,
          uniq_crazy_yiuf_cottage
D:8:      layout_loops_ring, marbit_many_paths, kennysheep_mini,
          david_lair_shrubbed, ebering_ghost_gozag, grunt_ogre_cave, uniq_erica,
          uniq_grum
D:9:      layout_basic, minitemple, dk_yredelemnul_ordeal, uniq_joseph
D:10:     layout_long_grid, kennysheep_orc_monster_closet_entryway,
          minivault_19, uniq_erolcha
D:11:     layout_roguey, ploomutoo_gammafunk_ghost_potion_laboratory,
          serial_rivers, chequers_serial_rivers_micro_c,
          chequers_serial_rivers_room_b, chequers_serial_rivers_micro_c,
          chequers_serial_rivers_micro_a, chequers_serial_rivers_room_b
D:12:     layout_gridville, fountainhead, uniq_sonja
D:13:     layout_loops_cross, david_vaults_3, special_room [special_room_bee],
          minmay_radiant
D:14:     layout_rooms, interstate_on_off
D:15:     gammafunk_enter_depths_forms, layout_loops_ring, serial_bayou_pond_c,
          uniq_azrael

Skill      XL: |  1  2  3  4  5  6  7  8  9 10 11 12 13 14 |
---------------+-------------------------------------------+-----
Shields        | 4 5 6 8 9 10 | 10.5
Fighting       | 4 5 6 7 8 10 11 12 13 14 | 14.1
Staves         | 3 4 |  4.7
Maces & Flails | 1 3 5 7 9 10 11 12 | 12.0
Invocations    | 3 6 8 10 | 10.0
Armour         | 4 7 8 10 11 | 11.5
Dodging        | 2 4 |  4.9

Action                   |  1- 3 |  4- 6 |  7- 9 | 10-12 | 13-15 || total
-------------------------+-------+-------+-------+-------+-------++-------
Melee: Quarterstaff      |   113 |    10 |       |       |       ||   123
       Club              |       |    93 |   265 |   836 |   637 ||  1831
Throw: Javelin           |       |       |       |       |     1 ||     1
Invok: Slouch            |       |       |       |       |     8 ||     8
       Step From Time    |       |       |       |       |     1 ||     1
 Abil: Dig               |       |     1 |     3 |    11 |     4 ||    19
Evoke: Wand              |       |       |       |       |    13 ||    13
       Fan of gales      |       |       |       |       |     1 ||     1
  Use: Scroll            |       |     6 |       |     1 |    11 ||    18
       Potion            |       |       |       |     2 |     2 ||     4
 Stab: Paralysed         |       |       |     1 |       |       ||     1
  Eat: Chunk             |     2 |     5 |     5 |    12 |    11 ||    35
Armor: Scale mail        |    52 |    23 |    18 |       |       ||    93
       Chain mail        |       |       |    20 |    92 |    77 ||   189
Dodge: Dodged            |    47 |    45 |    46 |    89 |   116 ||   343
Block: Shield            |    62 |    41 |   238 |   711 |   514 ||  1566
       Reflection        |       |       |     8 |    35 |    21 ||    64
